 Dungeon Crawl Stone Soup version 0.20-a0-261-gcb1eca7 (webtiles) character file.

151414 shitimlost the Warrior (level 17, -3/118 HPs)
             Began as a Gargoyle Gladiator on Dec 3, 2016.
             Was the Champion of Dithmenos.
             Slain by a demonic crawler (7 damage)
             ... on level 4 of the Spider Nest on Dec 4, 2016.
             The game lasted 02:02:22 (37814 turns).

shitimlost the Warrior (Gargoyle Gladiator)        Turns: 37814, Time: 02:02:22

Health: -3/118     AC: 37    Str: 22 (23) XL:     17   Next: 55%
Magic:  0/28       EV: 14    Int:  9 (10) God:    Dithmenos [******]
Gold:   926        SH:  0    Dex: 15 (17) Spells: 16/16 levels left

rFire  + . .     SeeInvis .     X - +2 shortbow (freeze)
rCold  + . .     Gourm    .     U - +3 chain mail {rC+}
rNeg   + . .     Faith    .     (shield currently unavailable)
rPois  ∞         Spirit   +     c - +1 helmet
rElec  +         Reflect  .     s - +1 cloak
rCorr  .         Harm     .     v - +1 pair of gloves
MR     ++...                    (no boots)
Stlth  ..........               W - amulet of guardian spirit
                                M - ring of protection from magic
                                j - +4 ring of protection

@: agile, flying, very slightly contaminated, wreathed by umbra, heavily
drained, invisible (expiring)
A: big wings, fire resistance 1, negative energy resistance 1, electricity
resistance, unbreathing, petrification resistance, rot immunity, AC +12
a: Stop Flying, Shadow Step, Shadow Form, Renounce Religion


You were on level 4 of the Spider Nest.
You worshipped Dithmenos.
Dithmenos was exalted by your worship.
You were not hungry.

You visited 5 branches of the dungeon, and saw 28 of its levels.
You also visited: Sewer and Bailey.

You collected 2733 gold pieces.
You spent 1807 gold pieces at shops.

Inventory:

Hand Weapons
 B - a +2 quarterstaff of freezing
 E - a +2 quarterstaff of crushing
 X - a +2 shortbow of freezing (weapon)
Missiles
 G - 13 javelins
 K - 367 arrows (quivered)
Armour
 c - a +1 helmet (worn)
 s - a +1 cloak (worn)
 v - a +1 pair of gloves (worn)
 x - a +2 scale mail of cold resistance
 U - a +3 chain mail of cold resistance (worn)
Jewellery
 a - an uncursed ring of fire
 e - a +4 amulet of reflection
 j - a +4 ring of protection (left hand)
 l - an uncursed ring of positive energy
 z - an uncursed ring of protection from fire
 H - an uncursed ring of protection from fire
 I - an uncursed amulet of rage
 M - a ring of protection from magic (right hand)
 O - an uncursed ring of wizardry
 T - an uncursed ring of protection from cold
 W - an amulet of guardian spirit (around neck)
Wands
 q - a wand of digging (9/24)
 r - a wand of iceblast (9/15)
 w - a wand of lightning (9/15)
 y - a wand of hasting (2/9)
 R - a wand of iceblast (2/15)
Scrolls
 h - 8 scrolls of remove curse
 o - 2 scrolls of enchant armour
 t - 3 scrolls of identify
Potions
 i - 2 potions of cancellation
 k - 3 potions of cure mutation
 C - 6 potions of lignification
 L - a potion of agility
Books
 N - a book of Beasts

   Spells                             Type                      Level
   a - Summon Butterflies             Summoning                    1
   b - Call Canine Familiar           Summoning                    3
   c - Summon Ice Beast               Ice/Summoning                4
   d - Summon Mana Viper              Hexes/Summoning              5
   e - Summon Hydra                   Summoning                    7
Miscellaneous
 D - a fan of gales (inert)
 P - a phial of floods (inert)
Comestibles
 f - 12 bread rations
 m - 15 meat rations
 u - 5 beef jerkies


   Skills:
 - Level 17.5(15.6) Fighting
 - Level 14.3(12.5) Staves
 - Level 14.3(12.6) Bows
 - Level 3.9(2.6) Throwing
 - Level 9.0(7.5) Armour
 + Level 3.5(2.2) Dodging
 + Level 14.9(13.1) Invocations


You had 16 spell levels left.
You didn't know any spells.

Dungeon Overview and Level Annotations

Branches:
Dungeon (15/15)            Temple (1/1) D:6            Lair (6/6) D:8
  Swamp (0/4) Lair:3       Spider (4/4) Lair:3        Slime (0/5) Lair:5
    Orc (2/2) D:11            Elf (0/3) Orc:2        Vaults (0/5) D:13
 Depths (0/5) D:15

Altars:
Ashenzari
Cheibriados
Dithmenos
Fedhas
Kikubaaqudgha
Makhleb
Nemelex Xobeh
Okawaru
Qazlal
Ru
Sif Muna
Xom
Yredelemnul
Zin
The Shining One
Beogh
Jiyva

Shops:
D:7 %   D:14 *   Orc:2 !*(}

Portals:
Pandemonium: Orc:2
Trove: D:10 (give +5 demon whip)

Annotations:
Lair:4 exclusion: 2 oklob plants
Lair:5 1 runed door
Lair:6 Kirke


Innate Abilities, Weirdness & Mutations

You are resistant to torment.
Your stone body is resilient. (AC +12)
You are immune to poison.
Your large and strong wings let you fly indefinitely.
You resist negative energy. (rN+)
You are resistant to electric shocks. (rElec)
You can survive without breathing.
You are immune to petrification.
You are immune to rotting.
Your flesh is heat resistant. (rF+)


Message History

Okay, then.
Firing (i - inventory. (,) - cycle):
K - 369 arrows (quivered)
Press: ? - help, Shift-Dir - straight line, f/p - jumping spider
Aim: a jumping spider (black smoke, moderately wounded, umbra)
You shoot an arrow.
The arrow barely misses the jumping spider.
The redback misses you.
The demonic crawler barely misses you. x2
The demonic crawler hits you but does no damage.
The wolf spider misses you. The wolf spider barely misses you.
Firing (i - inventory. (,) - cycle):
K - 368 arrows (quivered)
Press: ? - help, Shift-Dir - straight line, f - wolf spider, p - jumping spider
Aim: a wolf spider (black smoke, heavily wounded, clinging, umbra)
You shoot an arrow. The arrow hits the wolf spider!
The arrow freezes the wolf spider.
The wolf spider is severely wounded.
The redback misses you.
The jumping spider pounces on you but does no damage.
The jumping spider bites you but does no damage.
The demonic crawler hits you!
You die...

*,,,,,,,,,,,,,,,,,,
**,,,,,,,,,,,,,,,,,,
*,,,,,,,,,,,,,,,,,,,
*,,,,,,,,,,,,**,,,,,
***,,,,,,**,,*,,,,*,
**,***********,***
******* ********
#########^.##**≈,****,
##.§ss@s{§§...,,,,,,,*,
##^..{sss§§§...,,,,,,,,,
##....ssss§######**≈≈≈≈,,
#....s.#####!s..≈,****≈≈,
#....###≈...≈≈s!.,,,,**≈,
#...s#.s§§s≈≈s.≈s≈≈≈,,*,,
#≈..§###s§§§≈;≈≈≈≈,,,,*,,
###§§§ssss§.ss..^.,****,,
####§{§s§≈##^.##**,,,,,


You could see an emperor scorpion, a demonic crawler, 2 wolf spiders, a jumping
spider, a tarantella and 4 redbacks.

Vanquished Creatures
  An orc warlord (Orc:1)
  An emperor scorpion (Spider:2)
  An entropy weaver (Spider:3)
  A spark wasp (Spider:2)
  An ettin (Orc:2)
  A fire dragon (D:15)
  Josephine (Lair:4)
  Harold (D:10)
  2 vault guards
  Fannar (Lair:1)
  11 hydras
  An ice dragon (D:15)
  3 catoblepae (Lair:6)
  A death knight (D:15)
  Erica (Lair:2)
  A centaur warrior (D:15)
  2 tengu warriors (D:13)
  14 death yaks
  3 orc high priests (Orc:2)
  2 sixfirhies (Orc:2)
  2 torturous demonspawn (Orc:2)
  2 gelid demonspawn (Orc:2)
  2 wizards
  3 unseen horrors
  6 hill giants
  A necromancer (D:13)
  9 orb spiders
  2 deep elf magi (D:15)
  7 orc knights
  14 ugly things
  A cyclops (D:14)
  9 orc sorcerers
  18 elephants
  30 wolf spiders
  3 manticores
  2 rust devils (Orc:2)
  Maurice (D:10)
  6 black mambas
  A torpor snail (Lair:3)
  3 gargoyles
  4 centaur skeletons
  2 rime drakes (Lair:3)
  2 kobold demonologists (D:15)
  A freezing wraith (D:14)
  10 spiny frogs
  4 komodo dragons
  An efreet (D:14)
  11 demonic crawlers
  5 yaktaurs (D:15)
  A red devil (Orc:2)
  A guardian mummy (D:10)
  5 hornets
  8 trolls
  A merfolk (D:10)
  14 jumping spiders
  3 two-headed ogres
  2 meliai (shapeshifter) (D:15)
  A polar bear (Lair:4)
  6 slime creatures (D:13)
  8 hippogriffs
  7 blink frogs
  2 wyverns
  2 shadows
  68 redbacks
  46 yaks
  29 tarantellas
  A vampire (D:14)
  4 wraiths (Lair:4)
  A chaos spawn (Orc:2)
  A golden eye (shapeshifter) (D:15)
  2 basilisks
  2 hungry ghosts
  A steam dragon (D:10)
  20 humans (D:13)
  2 vampire mosquitoes (D:14)
  A warg (Orc:2)
  3 soldier ants
  An acid dragon (D:15)
  14 water moccasins
  6 porcupines
  Purgy (Sewer)
  50 orc warriors
  5 ice beasts
  5 sky beasts
  3 eyes of draining
  9 wolves (Lair:1)
  2 black bears
  3 necrophages
  9 ogres
  2 phantoms
  16 centaurs
  7 crocodiles
  11 big kobolds
  Blork the orc (D:5)
  20 bullfrogs
  4 gnoll sergeants
  A wyvern zombie (D:15)
  2 scorpions
  2 wyvern skeletons (D:12)
  16 killer bees
  11 wights
  A vampire bat (Orc:2)
  An electric eel (Lair:5)
  2 howler monkeys
  A bullfrog zombie (D:12)
  6 centaur zombies
  7 crimson imps
  2 hounds
  26 orc priests
  5 jellies
  19 orc wizards
  Jessica (D:3)
  2 bullfrog skeletons
  3 gnoll shamans (D:4)
  7 iguanas
  8 worker ants
  A killer bee zombie (D:9)
  A worker ant zombie (D:8)
  43 gnolls
  A howler monkey skeleton (D:10)
  A river rat (D:4)
  14 adders
  A shadow imp (D:7)
  An ooze (D:4)
  2 adder skeletons (D:4)
  4 worms
  2 dart slugs
  A leopard gecko (D:4)
  85 orcs
  2 ball pythons (D:4)
  4 giant cockroaches
  10 goblins
  8 hobgoblins
  35 jackals
  4 quokkas
  13 bats
  4 frilled lizards
  A jackal skeleton (D:8)
  33 kobolds
  A quokka skeleton (D:5)
  5 rats
  A fungus (Lair:4)
1024 creatures vanquished.

Vanquished Creatures (collateral kills)
  An entropy weaver (Spider:1)
  A death yak (Lair:6)
  A hill giant (D:15)
  A lindwurm (Lair:4)
  A wolf spider (Spider:1)
  A kobold demonologist (D:15)
  A jumping spider (Spider:1)
  2 blink frogs (Lair:4)
  5 redbacks (Spider:1)
  2 tarantellas (Spider:1)
  A wraith (D:15)
  2 yaks (Lair:6)
19 creatures vanquished.

Vanquished Creatures (others)
  12 fungi
  10 plants
22 creatures vanquished.

Grand Total: 1065 creatures vanquished

Notes
Turn   | Place    | Note
-------+----------+-------------------------------------------
     0 | D:1      | shitimlost the Gargoyle Gladiator began the quest for the Orb.
     0 | D:1      | Reached XP level 1. HP: 12/12 MP: 1/1
    98 | D:1      | Reached XP level 2. HP: 15/17 MP: 2/2
   784 | D:1      | Reached XP level 3. HP: 21/21 MP: 3/3
   956 | D:2      | Found a snail-covered altar of Cheibriados.
  1495 | D:3      | Noticed Jessica
  1506 | D:3      | Killed Jessica
  1506 | D:3      | Reached XP level 4. HP: 27/27 MP: 4/4
  1779 | D:3      | Found a sacrificial altar of Ru.
  1791 | D:3      | Found a sparkling altar of Nemelex Xobeh.
  1810 | D:3      | Found an ancient bone altar of Kikubaaqudgha.
  1859 | D:3      | Found a shimmering altar of Xom.
  2031 | D:3      | You fall through a shaft for 2 floors!
  2031 | D:5      | Entered Level 5 of the Dungeon
  2049 | D:5      | Reached skill level 3 in Fighting
  2049 | D:5      | Reached XP level 5. HP: 27/32 MP: 5/5
  2339 | D:5      | Reached XP level 6. HP: 30/37 MP: 6/6
  2492 | D:4      | Found a glowing drain.
  2701 | Sewer    | Entered a sewer
  2714 | Sewer    | Noticed Purgy
  2734 | Sewer    | Killed Purgy
  2734 | Sewer    | Reached skill level 4 in Fighting
  3310 | D:4      | Reached XP level 7. HP: 43/43 MP: 7/7
  4488 | D:4      | Reached skill level 5 in Staves
  4686 | D:4      | Reached skill level 5 in Fighting
  5094 | D:4      | Reached XP level 8. HP: 28/51 MP: 8/8
  5304 | D:4      | Reached skill level 6 in Fighting
  6075 | D:5      | Found a burning altar of Makhleb.
  6347 | D:5      | Noticed Blork the orc
  6374 | D:5      | Killed Blork the orc
  6669 | D:6      | Found a basalt altar of Yredelemnul.
  6759 | D:6      | Reached XP level 9. HP: 55/55 MP: 9/9
  6827 | D:6      | Reached skill level 1 in Armour
  7133 | D:6      | Found a staircase to the Ecumenical Temple.
  7142 | Temple   | Entered the Ecumenical Temple
  7178 | Temple   | Became a worshipper of Dithmenos the Shadowed
  7332 | D:6      | Found a glowing golden altar of the Shining One.
  7573 | D:7      | Found a stormy altar of Qazlal.
  7573 | D:7      | Found a blossoming altar of Fedhas.
  7709 | D:7      | Found a flagged portal.
  7855 | Bailey   | Entered a bailey
  8048 | Bailey   | Noticed RyokoTK's ghost (journeyman FoFi)
  8291 | D:7      | Found Moinuomn's Food Shop.
  8296 | D:7      | Reached * piety under Dithmenos
  8372 | D:7      | Reached skill level 10 in Staves
  8530 | D:7      | Reached skill level 5 in Armour
  8854 | D:7      | Reached XP level 10. HP: 52/60 MP: 10/10
  9165 | D:8      | Found a staircase to the Lair.
  9379 | D:8      | Reached ** piety under Dithmenos
  9669 | D:8      | Found a glowing silver altar of Zin.
 10091 | Lair:1   | Entered Level 1 of the Lair of Beasts
 10098 | Lair:1   | Noticed Fannar
 10482 | Lair:1   | Killed Fannar
 10555 | Lair:1   | Noticed a spiny frog
 10575 | Lair:1   | Killed a spiny frog
 11047 | Lair:1   | Noticed a six-headed hydra
 11057 | Lair:1   | Killed a six-headed hydra
 11057 | Lair:1   | Reached XP level 11. HP: 64/64 MP: 11/11
 12134 | Lair:2   | Noticed Erica
 12171 | Lair:2   | Killed Erica
 12241 | Lair:2   | Reached *** piety under Dithmenos
 13065 | Lair:3   | Reached skill level 7 in Fighting
 13454 | Lair:3   | Found a staircase to the Swamp.
 13454 | Lair:3   | Noticed a six-headed hydra
 13702 | Lair:3   | Reached skill level 8 in Fighting
 13814 | Lair:3   | Killed a six-headed hydra
 13814 | Lair:3   | Reached XP level 12. HP: 75/75 MP: 12/12
 13985 | Lair:3   | Reached skill level 9 in Fighting
 14057 | Lair:3   | Found a hole to the Spider Nest.
 14303 | Lair:4   | Reached skill level 10 in Fighting
 14572 | Lair:4   | Reached skill level 11 in Fighting
 14629 | Lair:4   | Noticed Josephine
 15228 | Lair:4   | Found a shattered altar of Ashenzari.
 15254 | Lair:4   | Reached **** piety under Dithmenos
 15279 | Lair:4   | Killed Josephine
 15292 | Lair:4   | Reached skill level 12 in Fighting
 16757 | Lair:5   | Found a runed door.
 16861 | Lair:5   | Found a viscous altar of Jiyva.
 16876 | Lair:5   | Found a staircase to the Slime Pits.
 16923 | Lair:5   | Noticed a four-headed hydra
 16933 | Lair:5   | Killed a four-headed hydra
 16933 | Lair:5   | Reached skill level 13 in Fighting
 16941 | Lair:5   | Noticed an eight-headed hydra
 16979 | Lair:5   | Reached XP level 13. HP: 72/88 MP: 11/13
 17306 | Lair:5   | Reached skill level 14 in Fighting
 18053 | Lair:6   | Entered Level 6 of the Lair of Beasts
 18388 | Lair:5   | Reached skill level 15 in Fighting
 19092 | Lair:6   | Reached skill level 16 in Fighting
 19674 | Lair:6   | Reached skill level 1 in Invocations
 19690 | Lair:6   | Reached ***** piety under Dithmenos
 19705 | Lair:6   | Gained mutation: Your large and strong wings let you fly indefinitely. [Gargoyle growth]
 19705 | Lair:6   | Reached XP level 14. HP: 46/100 MP: 8/15
 20218 | Lair:6   | Reached skill level 17 in Fighting
 20293 | Lair:6   | Noticed Kirke
 20810 | Lair:6   | Reached skill level 5 in Invocations
 21795 | D:9      | Found a deep blue altar of Sif Muna.
 21918 | D:9      | Reached skill level 1 in Bows
 22263 | D:10     | Entered Level 10 of the Dungeon
 22439 | D:10     | Noticed Maurice
 22454 | D:10     | Killed Maurice
 22500 | D:10     | Found a portal to a secret trove of treasure.
 22782 | D:10     | Noticed Harold
 22794 | D:10     | Killed Harold
 23359 | D:11     | Reached skill level 5 in Bows
 23374 | D:11     | Identified the Incunabulum of Shifting Evil Secrets
 23882 | D:11     | Found a staircase to the Orcish Mines.
 23948 | D:11     | Reached ****** piety under Dithmenos
 24521 | D:12     | Found a shadowy altar of Dithmenos.
 25273 | D:13     | Reached XP level 15. HP: 107/107 MP: 19/19
 26041 | D:13     | Found a gate to the Vaults.
 26346 | D:13     | Reached skill level 10 in Bows
 27444 | D:14     | Found Mevvej's Assorted Antiques.
 27469 | D:14     | Bought a scroll of enchant weapon for 255 gold pieces
 27817 | D:15     | Entered Level 15 of the Dungeon
 28997 | D:15     | Found a staircase to the Depths.
 29243 | D:15     | HP: 3/107 [soul eater[a kobold demonologist] (4)]
 29699 | D:15     | Reached XP level 16. HP: 95/112 MP: 15/20
 30199 | Orc:1    | Entered Level 1 of the Orcish Mines
 30911 | Orc:1    | Found a roughly hewn altar of Beogh.
 31171 | Orc:2    | Entered Level 2 of the Orcish Mines
 31261 | Orc:2    | Found Cixolew's General Store.
 31297 | Orc:2    | Found Maliamn's Distillery.
 31393 | Orc:2    | Bought 2 potions of curing for 84 gold pieces
 31395 | Orc:2    | Bought a potion of haste for 170 gold pieces
 31395 | Orc:2    | Bought a potion of heal wounds for 85 gold pieces
 31395 | Orc:2    | Bought a potion of heal wounds for 85 gold pieces
 31503 | Orc:2    | Reached skill level 10 in Invocations
 31613 | Orc:2    | Paralysed by an orc sorcerer for 6 turns
 31921 | Orc:2    | Found Esackidu's Antique Weapon Shop.
 31921 | Orc:2    | Found Heppop's Gadget Boutique.
 31922 | Orc:2    | Found a one-way gate leading to the halls of Pandemonium.
 31927 | Orc:2    | Bought a wand of hasting (5/9) for 648 gold pieces
 31927 | Orc:2    | Bought a fan of gales for 480 gold pieces
 32279 | Orc:2    | Found a staircase to the Elven Halls.
 32694 | D:8      | Gained mutation: Your flesh is heat resistant. (rF+) [mutagenic meat]
 32819 | Spider:1 | Entered Level 1 of the Spider Nest
 34170 | Spider:2 | Reached XP level 17. HP: 111/118 MP: 24/27
 36258 | Spider:4 | Entered Level 4 of the Spider Nest
 37808 | Spider:4 | HP: 5/118 [demonic crawler (1)]
 37814 | Spider:4 | Slain by a demonic crawler

Vault maps used:
D:1:      evilmike_arrival_rings
D:2:      lemuel_upstairs_altar, kennysheep_slug_shrine
D:3:      nicolae_overflow_quartered_altars, first_bread, uniq_jessica
D:4:      lemuel_castle_with_subvaults, portal_sewer_entry_b, minivault_5
D:5:      overflow_temple_1_default, uniq_blork_the_orc
D:6:      tso_oasis_becter, nicolae_overflow_crystal_walls, grunt_decor_cap
D:7:      grunt_temple_overflow_forces_of_nature, serial_shops, shop,
          enter_bailey_2
D:8:      zin_academy, dpeg_oklobed_lair
D:9:      basic_altar
D:10:     nicolae_trove_entry_path_of_doom, hangedman_fish_farm, uniq_maurice,
          uniq_harold
D:11:     kennysheep_orc_monster_closet_entryway
D:12:     basic_altar
D:13:     grunt_vaults_entry_tiered
D:14:     serial_shops, shop_fountains, minmay_misc_feat_columns
D:15:     grunt_enter_depths_hoard, roderic_lattice_a
Temple:   jpeg_temple_alley_garden
Lair:1:   uniq_fannar
Lair:2:   uniq_erica
Lair:3:   minmay_swamp_entry_reptiles, spider_nest_entry_funnel_web
Lair:4:   statuecave_lemuel, basic_altar, nicolae_volcano_entry_vermiform,
          st_stairs_10, dpeg_oklob_1, uniq_josephine
Lair:5:   slime_altar_2, minivault_25, serial_bayou_pond_b
Lair:6:   evilmike_catoblepas_cave, uniq_kirke
Spider:4: grunt_spider_rune_circles, nicolae_spider_shape
Orc:1:    special_room
Orc:2:    pf_orc_diabolical, roderic_batcave
Sewer:    kennysheep_door_sewer
Bailey:   bailey_axe_of_yendor_kennysheep, bailey

Skill      XL: |  1  2  3  4  5  6  7  8  9 10 11 12 13 14 15 16 17 |
---------------+----------------------------------------------------+-----
Throwing       | 2 3 |  3.9
Dodging        | 3 |  3.5
Fighting       | 3 4 5 6 8 13 16 17 | 17.5
Staves         | 4 6 8 10 13 14 | 14.3
Armour         | 5 6 9 |  9.0
Invocations    | 2 6 13 14 | 14.9
Bows           | 7 13 14 | 14.3

Action                   |  1- 3 |  4- 6 |  7- 9 | 10-12 | 13-15 | 16-18 || total
-------------------------+-------+-------+-------+-------+-------+-------++-------
Melee: Quarterstaff      |   122 |   202 |   707 |   967 |  1884 |   405 ||  4287
 Fire: Shortbow          |       |       |       |     2 |   134 |  1092 ||  1228
Throw: Throwing net      |       |     2 |     4 |    10 |     3 |     6 ||    25
       Stone             |       |       |     2 |       |       |       ||     2
Invok: Shadow Form       |       |       |       |       |       |     1 ||     1
 Abil: Fly               |       |       |       |       |     1 |       ||     1
Evoke: Wand              |       |       |     3 |     7 |     7 |     6 ||    23
       Phial of floods   |       |       |       |     1 |     1 |     2 ||     4
       Box of beasts     |       |       |       |       |     1 |       ||     1
       Fan of gales      |       |       |       |       |       |     2 ||     2
  Use: Scroll            |     7 |     7 |    14 |    15 |    22 |     8 ||    73
       Potion            |       |     1 |     3 |     6 |    10 |    12 ||    32
 Stab: Held in net/web   |       |     1 |       |     8 |       |     1 ||    10
       Invisible         |       |       |     2 |       |     6 |     8 ||    16
  Eat: Chunk             |     2 |     3 |    16 |    18 |    24 |    19 ||    82
       Fruit             |       |     3 |     4 |       |     5 |     3 ||    15
       Pizza             |       |       |       |     1 |     1 |     1 ||     3
       Royal jelly       |       |       |       |     2 |       |       ||     2
       Bread ration      |       |       |       |     1 |     2 |     1 ||     4
       Meat ration       |       |       |       |       |     1 |       ||     1
Armor: Leather armour    |    51 |    81 |       |       |       |       ||   132
       Ring mail         |       |    27 |   200 |       |       |       ||   227
       Scale mail        |       |       |   188 |    85 |       |       ||   273
       Chain mail        |       |       |       |   380 |  1126 |  1012 ||  2518
       Skin              |       |       |       |     3 |    15 |       ||    18
Dodge: Dodged            |   103 |   152 |   533 |   342 |   748 |   686 ||  2564
